[ AOE2 MATCH · #474904597 ]
UnrankedMaya vs Wei
Player's team · WIN
Rival team · LOSS
[ REPLAY ANALYSIS · EXTRACTED FROM THE RECORDED GAME ]
Feudal
10:12
Castle
25:03
Imperial
—
| APM avg | 36.6 |
| APM peak | 85 |
| eAPM avg | 18.5 |
| Villagers / military | 67 / 59 |
Focus
⚔️ 26.9% · 🌾 73.1%
Archer ×29 · Eagle Scout ×17 · Spearman ×11 · Militia ×2
Feudal
10:06
Castle
23:02
Imperial
—
| APM avg | 49.3 |
| APM peak | 105 |
| eAPM avg | 23.2 |
| Villagers / military | 74 / 19 |
Focus
⚔️ 21.6% · 🌾 78.4%
Unknown (1952) ×16 · Skirmisher ×13 · Unknown (1944) ×9 · Scout Cavalry ×5 · Mangonel ×1
Match map
Initial resources + every placement click. Lines = walls · curves = elevation contours. ◆ gold · ⬟ stone · ● berries · ✦ relic · ◌ wall gap
Your base· Open — 9t gap
DHOKO's base· Open — 7t gap
Smoothed initial terrain · ◌ = detected wall gap · hover for details
Inputs per minute
— oldaq - - DHOKO
Build order — oldaq
First 150 of 236 actions detected
| 0:00 | Create | Villager (Male) |
| 0:01 | Create | Villager (Male) |
| 0:01 | Create | Villager (Male) |
| 0:01 | Create | Villager (Male) |
| 0:03 | Build | House |
| 0:05 | Build | House |
| 0:12 | Research | Loom |
| 0:13 | Create | Villager (Male) |
| 0:13 | Create | Villager (Male) |
| 1:20 | Create | Villager (Male) |
| 1:36 | Create | Villager (Male) |
| 2:01 | Build | Lumber Camp |
| 2:13 | Create | Villager (Male) |
| 2:14 | Create | Villager (Male) |
| 3:03 | Create | Villager (Male) |
| 3:04 | Create | Villager (Male) |
| 3:17 | Create | Villager (Male) |
| 3:55 | Create | Villager (Male) |
| 3:55 | Create | Villager (Male) |
| 4:05 | Create | Villager (Male) |
| 4:08 | Build | House |
| 4:10 | Build | House |
| 4:37 | Build | Mill |
| 4:49 | Create | Villager (Male) |
| 4:51 | Create | Villager (Male) |
| 5:30 | Create | Villager (Male) |
| 5:30 | Create | Villager (Male) |
| 6:29 | Create | Villager (Male) |
| 6:37 | Create | Villager (Male) |
| 7:19 | Create | Villager (Male) |
| 8:02 | Research | Feudal Age |
| 8:02 | Research | Feudal Age |
| 8:33 | Build | Lumber Camp |
| 9:03 | Build | House |
| 9:10 | Build | Barracks |
| 9:16 | Build | Palisade Wall |
| 9:18 | Build | Palisade Wall |
| 9:21 | Create | Villager (Male) |
| 9:21 | Create | Villager (Male) |
| 9:41 | Build | Mining Camp |
| 10:12 | Age | Feudal Age |
| 10:16 | Research | Double-Bit Axe |
| 10:17 | Research | Horse Collar |
| 10:47 | Build | Archery Range |
| 10:52 | Create | Villager (Male) |
| 10:57 | Build | Farm |
| 11:01 | Build | Farm |
| 11:02 | Create | Villager (Male) |
| 11:12 | Build | Palisade Wall |
| 11:14 | Build | Palisade Wall |
| 11:29 | Create | Villager (Male) |
| 11:32 | Build | Farm |
| 11:36 | Build | Farm |
| 11:40 | Create | Spearman |
| 11:44 | Create | Archer |
| 11:44 | Create | Archer |
| 11:53 | Build | Farm |
| 12:05 | Build | Farm |
| 12:08 | Create | Spearman |
| 12:15 | Build | House |
| 12:18 | Build | House |
| 12:21 | Create | Villager (Male) |
| 12:27 | Research | Wheelbarrow |
| 12:30 | Create | Archer |
| 12:42 | Create | Villager (Male) |
| 13:01 | Create | Villager (Male) |
| 13:11 | Build | Blacksmith |
| 13:15 | Build | House |
| 13:16 | Build | House |
| 13:19 | Create | Villager (Male) |
| 13:20 | Create | Archer |
| 14:03 | Create | Villager (Male) |
| 14:04 | Create | Spearman |
| 14:05 | Create | Spearman |
| 14:22 | Build | Palisade Gate |
| 14:25 | Build | Palisade Wall |
| 14:27 | Build | Palisade Wall |
| 14:44 | Create | Archer |
| 14:45 | Create | Villager (Male) |
| 14:48 | Create | Spearman |
| 14:55 | Create | Spearman |
| 14:57 | Create | Villager (Male) |
| 15:03 | Create | Archer |
| 15:35 | Create | Villager (Male) |
| 15:37 | Create | Archer |
| 15:43 | Create | Villager (Male) |
| 15:46 | Build | Farm |
| 15:47 | Build | Farm |
| 15:48 | Build | Farm |
| 15:48 | Build | Farm |
| 15:50 | Build | Farm |
| 16:09 | Create | Villager (Male) |
| 16:11 | Create | Archer |
| 16:13 | Create | Spearman |
| 16:18 | Research | Fletching |
| 16:36 | Create | Villager (Male) |
| 16:37 | Create | Archer |
| 16:56 | Create | Villager (Male) |
| 17:00 | Create | Villager (Male) |
| 17:04 | Build | Farm |
| 17:05 | Build | Farm |
| 17:06 | Build | Farm |
| 17:09 | Build | House |
| 17:10 | Build | House |
| 17:24 | Create | Villager (Male) |
| 17:25 | Create | Archer |
| 17:25 | Create | Archer |
| 17:27 | Create | Spearman |
| 18:25 | Create | Spearman |
| 18:27 | Create | Archer |
| 18:27 | Create | Archer |
| 19:24 | Create | Villager (Male) |
| 19:25 | Create | Villager (Male) |
| 19:41 | Create | Archer |
| 19:41 | Create | Villager (Male) |
| 19:42 | Create | Villager (Male) |
| 19:50 | Build | Mill |
| 19:50 | Build | Farm |
| 19:50 | Build | Farm |
| 19:51 | Build | Farm |
| 19:51 | Build | Farm |
| 19:51 | Build | Farm |
| 19:51 | Build | Farm |
| 19:52 | Build | Farm |
| 19:52 | Build | Farm |
| 19:53 | Create | Spearman |
| 20:06 | Build | Farm |
| 20:09 | Create | Militia |
| 20:09 | Create | Militia |
| 20:32 | Build | Market |
| 20:35 | Build | House |
| 20:38 | Build | House |
| 20:44 | Build | House |
| 20:45 | Build | House |
| 20:48 | Research | Town Watch |
| 20:51 | Build | House |
| 20:58 | Build | House |
| 21:10 | Create | Eagle Scout |
| 21:10 | Create | Eagle Scout |
| 21:18 | Create | Archer |
| 21:21 | Build | Farm |
| 21:41 | Build | Archery Range |
| 21:54 | Create | Eagle Scout |
| 21:58 | Create | Villager (Male) |
| 22:05 | Research | Castle Age |
| 22:12 | Build | House |
| 22:16 | Build | Palisade Wall |
| 22:17 | Build | House |
| 22:31 | Build | House |
| 22:35 | Build | Palisade Wall |
Build order — DHOKO
First 150 of 212 actions detected
| 0:00 | Create | Villager (Male) |
| 0:01 | Create | Villager (Male) |
| 0:01 | Create | Villager (Male) |
| 0:01 | Create | Villager (Male) |
| 0:02 | Build | House |
| 0:04 | Build | House |
| 1:31 | Create | Villager (Male) |
| 1:31 | Create | Villager (Male) |
| 2:05 | Create | Villager (Male) |
| 2:06 | Create | Villager (Male) |
| 2:25 | Create | Villager (Male) |
| 2:25 | Create | Villager (Male) |
| 2:46 | Build | Lumber Camp |
| 2:54 | Create | Villager (Male) |
| 2:55 | Create | Villager (Male) |
| 3:09 | Create | Villager (Male) |
| 3:09 | Create | Villager (Male) |
| 3:40 | Create | Villager (Male) |
| 3:40 | Create | Villager (Male) |
| 3:56 | Build | House |
| 4:02 | Create | Villager (Male) |
| 4:02 | Create | Villager (Male) |
| 4:19 | Create | Villager (Male) |
| 4:19 | Create | Villager (Male) |
| 4:30 | Build | House |
| 4:39 | Create | Villager (Male) |
| 4:39 | Create | Villager (Male) |
| 4:42 | Build | Mill |
| 5:04 | Create | Villager (Male) |
| 5:05 | Create | Villager (Male) |
| 5:37 | Create | Villager (Male) |
| 5:38 | Create | Villager (Male) |
| 5:38 | Create | Villager (Male) |
| 5:38 | Create | Villager (Male) |
| 6:01 | Create | Villager (Male) |
| 6:06 | Research | Loom |
| 6:54 | Create | Villager (Male) |
| 6:55 | Research | Loom |
| 7:47 | Research | Feudal Age |
| 8:09 | Build | Barracks |
| 8:24 | Build | Lumber Camp |
| 8:50 | Build | House |
| 8:57 | Create | Villager (Male) |
| 9:24 | Build | Mill |
| 9:39 | Build | Palisade Wall |
| 9:41 | Build | Palisade Wall |
| 9:41 | Build | Palisade Wall |
| 9:43 | Build | Palisade Wall |
| 9:53 | Create | Villager (Male) |
| 10:06 | Age | Feudal Age |
| 10:06 | Research | Double-Bit Axe |
| 10:14 | Build | Stable |
| 10:19 | Build | Palisade Wall |
| 10:25 | Build | Palisade Wall |
| 10:30 | Build | Farm |
| 10:35 | Create | Villager (Male) |
| 10:49 | Build | House |
| 10:52 | Build | Palisade Wall |
| 10:54 | Build | Palisade Wall |
| 10:57 | Create | Villager (Male) |
| 11:00 | Build | Farm |
| 11:01 | Create | Scout Cavalry |
| 11:01 | Create | Scout Cavalry |
| 11:08 | Build | Palisade Wall |
| 11:13 | Build | Palisade Wall |
| 11:17 | Build | Farm |
| 11:26 | Build | Palisade Gate |
| 11:29 | Build | Farm |
| 11:36 | Create | Villager (Male) |
| 11:38 | Build | Farm |
| 11:43 | Build | Farm |
| 11:48 | Create | Villager (Male) |
| 11:55 | Build | Palisade Wall |
| 12:00 | Build | Farm |
| 12:14 | Create | Scout Cavalry |
| 12:14 | Create | Scout Cavalry |
| 12:24 | Build | Farm |
| 12:39 | Create | Villager (Male) |
| 12:39 | Create | Villager (Male) |
| 12:43 | Build | Farm |
| 12:53 | Build | House |
| 12:54 | Create | Villager (Male) |
| 12:54 | Create | Villager (Male) |
| 12:54 | Create | Villager (Male) |
| 13:05 | Build | Farm |
| 13:07 | Build | Farm |
| 13:13 | Create | Scout Cavalry |
| 13:20 | Build | Palisade Wall |
| 13:23 | Build | Palisade Wall |
| 13:26 | Create | Villager (Male) |
| 13:26 | Create | Villager (Male) |
| 13:31 | Build | Farm |
| 13:52 | Create | Villager (Male) |
| 13:53 | Create | Villager (Male) |
| 13:53 | Create | Villager (Male) |
| 14:04 | Build | Blacksmith |
| 14:06 | Build | House |
| 14:07 | Create | Villager (Male) |
| 14:07 | Create | Villager (Male) |
| 14:07 | Create | Villager (Male) |
| 14:11 | Build | Farm |
| 14:15 | Build | Farm |
| 14:21 | Build | Palisade Wall |
| 14:57 | Build | Archery Range |
| 14:59 | Create | Villager (Male) |
| 15:01 | Build | Farm |
| 15:16 | Build | House |
| 15:17 | Build | Palisade Wall |
| 15:24 | Build | House |
| 15:29 | Build | Mining Camp |
| 15:51 | Create | Villager (Male) |
| 16:05 | Build | Palisade Gate |
| 16:16 | Build | House |
| 16:35 | Create | Skirmisher |
| 16:35 | Create | Skirmisher |
| 16:36 | Create | Skirmisher |
| 16:45 | Build | Watch Tower |
| 16:48 | Create | Villager (Male) |
| 17:54 | Create | Skirmisher |
| 17:54 | Create | Skirmisher |
| 18:09 | Create | Skirmisher |
| 18:09 | Create | Skirmisher |
| 18:39 | Build | Palisade Gate |
| 18:46 | Create | Skirmisher |
| 19:22 | Create | Skirmisher |
| 19:32 | Create | Villager (Male) |
| 19:32 | Create | Villager (Male) |
| 19:48 | Build | Palisade Wall |
| 19:57 | Research | Castle Age |
| 20:18 | Build | Palisade Gate |
| 20:42 | Build | House |
| 20:47 | Research | Bloodlines |
| 20:57 | Build | Palisade Wall |
| 21:11 | Create | Skirmisher |
| 21:15 | Build | Farm |
| 21:26 | Build | Farm |
| 21:36 | Build | Farm |
| 21:47 | Build | Palisade Wall |
| 21:51 | Build | Farm |
| 22:08 | Build | Farm |
| 22:15 | Build | Farm |
| 22:16 | Build | Farm |
| 22:18 | Create | Villager (Male) |
| 22:23 | Build | Palisade Wall |
| 22:39 | Create | Skirmisher |
| 22:39 | Create | Skirmisher |
| 22:39 | Create | Skirmisher |
| 22:46 | Research | Fletching |
| 22:47 | Research | Scale Barding Armor |
| 23:02 | Age | Castle Age |
Match timeline
| 8:09 | DHOKO · first_building Barracks |
| 9:10 | oldaq · first_building Barracks |
| 9:16 | oldaq · wall_segment Palisade Wall x3 |
| 9:18 | oldaq · wall_segment Palisade Wall x4 |
| 9:39 | DHOKO · wall_segment Palisade Wall x1 |
| 9:41 | DHOKO · wall_segment Palisade Wall x2 |
| 9:41 | DHOKO · wall_segment Palisade Wall x1 |
| 9:43 | DHOKO · wall_segment Palisade Wall x1 |
| 10:06 | DHOKO · age_up feudal |
| 10:12 | oldaq · age_up feudal |
| 10:14 | DHOKO · first_building Stable |
| 10:19 | DHOKO · wall_segment Palisade Wall x1 |
| 10:25 | DHOKO · wall_segment Palisade Wall x1 |
| 10:47 | oldaq · first_building Archery Range |
| 10:52 | DHOKO · wall_segment Palisade Wall x6 |
| 10:54 | DHOKO · wall_segment Palisade Wall x11 |
| 11:08 | DHOKO · wall_segment Palisade Wall x1 |
| 11:12 | oldaq · wall_segment Palisade Wall x1 |
| 11:13 | DHOKO · wall_segment Palisade Wall x10 |
| 11:14 | oldaq · wall_segment Palisade Wall x7 |
| 11:55 | DHOKO · wall_segment Palisade Wall x8 |
| 13:20 | DHOKO · wall_segment Palisade Wall x1 |
| 13:23 | DHOKO · wall_segment Palisade Wall x1 |
| 14:21 | DHOKO · wall_segment Palisade Wall x1 |
| 14:25 | oldaq · wall_segment Palisade Wall x1 |
| 14:27 | oldaq · wall_segment Palisade Wall x1 |
| 14:57 | DHOKO · first_building Archery Range |
| 15:17 | DHOKO · wall_segment Palisade Wall x1 |
| 19:48 | DHOKO · wall_segment Palisade Wall x4 |
| 20:57 | DHOKO · wall_segment Palisade Wall x1 |
| 21:47 | DHOKO · wall_segment Palisade Wall x4 |
| 22:01 | oldaq · first_market_sell 100 food |
| 22:16 | oldaq · wall_segment Palisade Wall x1 |
| 22:23 | DHOKO · wall_segment Palisade Wall x3 |
| 22:35 | oldaq · wall_segment Palisade Wall x11 |
| 23:02 | DHOKO · age_up castle |
| 24:53 | DHOKO · first_building Siege Workshop |
| 25:03 | oldaq · age_up castle |
| 28:46 | DHOKO · first_market_sell 100 food |
| 28:49 | DHOKO · first_market_buy 100 stone |
| 32:30 | DHOKO · resign |
[ AI ANALYSIS · 1 CREDIT ]
What really happened in this match?
Wolo.gg analyzes every decision: build order, eco, micro, common mistakes by bracket. Personalized analysis on WhatsApp or Discord in 30 seconds.
Civ guide
Maya
Perfil
Jugador #3464637